 Dungeon Crawl Stone Soup version 0.32-a0-909-gc671339a80 (webtiles) character file.

Game seed: 3306522950175175882

134465 Finalfun the Scorcher (level 16, -2/134 HPs)
             Began as a Mountain Dwarf Fighter on Apr 7, 2024.
             Was an Initiate of Gozag.
             Slain by a harpy simulacrum (7 damage)
             ... summoned by an orange crystal statue
             ... in an ice cave.
             The game lasted 01:04:50 (32858 turns).

Finalfun the Scorcher (Mountain Dwarf Fighter)     Turns: 32858, Time: 01:04:51

Health: -2/134     AC: 30    Str: 28    XL:     16   Next: 62%
Magic:  19/29      EV: 10    Int: 13    God:    Gozag
Gold:   601        SH: 26    Dex: 15    Spells: 25/33 levels left

rFire   + . .        b - +3 broad axe (freeze)
rCold   + . .        T - +10 tower shield of Ignorance {rN+ Int-4}
rNeg    + . .        P - quicksilver dragon scales "Hafeibaa" {Will+ Dex+2}
rPois   +            h - +2 helmet
rElec   .            R - +2 cloak
rCorr   +            L - +2 pair of gloves "Soimash" {Int+3}
SInv    .            z - +2 pair of boots "Posaffea" {rPois rCorr Str+4 Dex+4}
Will    ++...        (no amulet)
Stlth   +            x - ring of Syromeog {rC+ rCorr AC+4 Str-4 Slay+2}
HPRegen 0.42/turn    a - ring "Ogatza" {rF+ Str+6 Slay+3}
MPRegen 0.21/turn

%: no passive effects
@: slowed, very slow
A: runic magic, artefact enchanting
a: Renounce Religion, Potion Petition, Call Merchant, Bribe Branch


You were in an ice cave.
You worshipped Gozag.
Gozag was pleased with you.
You visited 5 branches of the dungeon, and saw 25 of its levels.
You also visited: Sewer, Gauntlet and Ice Cave.

You collected 9140 gold pieces.
You spent 4417 gold pieces at shops.
You paid 4122 gold pieces to Gozag.

Inventory:

Hand Weapons
 b - a +3 broad axe of freezing (weapon)
Missiles
 e - 3 throwing nets
 K - 3 curare-tipped darts
Armour
 h - a +2 helmet (worn)
 z - the +2 pair of boots "Posaffea" (worn) {rPois rCorr Str+4 Dex+4}
   (You bought it in a shop on level 1 of the Orcish Mines)

   Str+4:     It affects your strength (+4).
   Dex+4:     It affects your dexterity (+4).
   rPois:     It protects you from poison.
   rCorr:     It protects you from acid and corrosion.
 L - the +2 pair of gloves "Soimash" (worn) {Int+3}
   (You found it in a Gauntlet)

   Int+3:     It affects your intelligence (+3).
 P - the quicksilver dragon scales "Hafeibaa" (worn) {Will+ Dex+2}
   (You bought it in a shop on level 1 of the Orcish Mines)

   Dex+2:     It affects your dexterity (+2).
   Will+:     It increases your willpower.
 R - a +2 cloak (worn)
 T - the +10 tower shield of Ignorance (worn) {rN+ Int-4}
   (You bought it in a shop on level 1 of the Orcish Mines)

   Int-4:     It affects your intelligence (-4).
   rN+:       It protects you from negative energy.
Jewellery
 a - the ring "Ogatza" (right hand) {rF+ Str+6 Slay+3}
   (You found it in a Gauntlet)

   [ring of strength]

   Str+6:     It affects your strength (+6).
   Slay+3:    It affects your accuracy & damage with ranged weapons and melee
   (+3).
   rF+:       It protects you from fire.
 m - a ring of flight
 x - the ring of Syromeog (left hand) {rC+ rCorr AC+4 Str-4 Slay+2}
   (You found it on level 4 of the Dungeon)

   [ring of protection]

   AC+4:      It affects your AC (+4).
   Str-4:     It affects your strength (-4).
   Slay+2:    It affects your accuracy & damage with ranged weapons and melee
   (+2).
   rC+:       It protects you from cold.
   rCorr:     It protects you from acid and corrosion.
 J - a ring of fire
 S - a ring of fire
Wands
 d - a wand of paralysis (23)
 B - a wand of flame (39) (quivered)
 D - a wand of polymorph (18)
 G - a wand of iceblast (8)
 Q - a wand of acid (2)
Scrolls
 f - 4 scrolls of revelation
 j - a scroll of immolation
 k - 4 scrolls of vulnerability
 n - 7 scrolls of teleportation
 p - 5 scrolls of amnesia
 s - 2 scrolls of silence
 u - a scroll of identify
 v - 4 scrolls of fog
 y - 7 scrolls of poison
 H - 2 scrolls of butterflies
 I - a scroll of torment
 M - 5 scrolls of fear
Potions
 c - 2 potions of lignification
 g - a potion of cancellation
 i - 7 potions of curing
 o - 3 potions of magic
 q - 2 potions of haste
 r - 4 potions of attraction
 t - 2 potions of resistance
 w - a potion of ambrosia
 A - a potion of might
 C - a potion of brilliance
 E - 3 potions of enlightenment
 N - 4 potions of mutation
Miscellaneous
 O - a phial of floods


   Skills:
 - Level 10.0 Fighting
 - Level 18.0 Axes
 - Level 10.0 Armour
 - Level 4.0 Dodging
 - Level 10.0 Shields
 + Level 9.4 Spellcasting
 + Level 18.2 Fire Magic
 - Level 18.0 Evocations


You had 25 spell levels left.
You knew the following spells:

 Your Spells              Type           Power      Damage    Failure   Level
a - Ignition              Fire           26%        3d9       80%         8

Your spell library contained the following spells:

 Spells                   Type           Power      Damage    Failure   Level
 Volatile Blastmotes      Fire/Tloc      58%        2d14      2%          3
 Ignite Poison            Fire/Alch      29%        N/A       9%          4
 Sticky Flame             Fire/Alch      29%        2d7       9%          4
 Cigotuvi's Dreadful Rot  Necr/Alch/Air  12%        N/A       50%         2
 Dazzling Flash           Conj/Hex       12%        N/A       75%         3
 Mephitic Cloud           Conj/Alch/Air  6%         N/A       75%         3
 Dispel Undead            Necr           6%         3d8       98%         4
 Fulminant Prism          Conj/Alch      3%         3d5       98%         4
 Iskenderun's Mystic Bla Conj/Tloc 6%             2d4        (+2d1     98%         4
 Martyr's Knell           Necr/Summ      6%         N/A       98%         4
 Curse of Agony           Necr           6%         N/A       100%        5
 Silence                  Hex/Air        3%         N/A       100%        5
 Summon Forest            Summ/Tloc      3%         N/A       100%        5
 Conjure Ball Lightning   Conj/Air       3%         3x3d6     100%        6
 Dispersal                Tloc           3%         N/A       100%        6
 Eringya's Noxious Bog    Alch           3%         4d6       100%        6
 Gell's Gavotte           Tloc           3%         2d(12-18) 100%        6
 Manifold Assault         Tloc           3%         N/A       100%        7
 Summon Hydra             Summ           3%         N/A       100%        7
 Discord                  Hex            3%         N/A       100%        8
 Disjunction              Tloc           3%         N/A       100%        8


Dungeon Overview and Level Annotations

Branches:
Dungeon (15/15)            Temple (1/1) D:6            Lair (5/5) D:8
  Swamp (0/4) Lair:2        Snake (2/4) Lair:3        Slime (0/5) Lair:4
    Orc (2/2) D:11            Elf (0/3) Orc:2        Vaults (0/5) D:13
 Depths (0/4) D:15          Sewer (visited)           IceCv (1/1)
Gauntlet (visited)

Altars:
Ashenzari
Cheibriados
Dithmenos
Elyvilon
Fedhas
Gozag
Hepliaklqana
Kikubaaqudgha
Makhleb
Nemelex Xobeh
Okawaru
Qazlal
Ru
Sif Muna
Trog
Uskayaw
Vehumet
Wu Jian
Xom
Yredelemnul
Zin
The Shining One
Beogh

Shops:
D:9 =   D:12 *   D:13 [   D:15 ?   Orc:1 ![[[   Orc:2 *[*[   Snake:1 :

Annotations:
Lair:5 1 runed translucent door, mertasd123's ghost, journeyman FoFi
Snake:1 2 runed translucent doors, icebreaker629's ghost, journeyman MiBe IceCv 1 transporter, exclusion: orange crystal statue


Innate Abilities, Weirdness & Mutations

Your spellcasting is much less encumbered by armour.
You can use scrolls of enchantment on lesser artefacts.


Message History

[c] - 550 gold - resistance, enlightenment and haste Purchase which effect?
You don't have enough gold for that! [a] - 840 gold - heal wounds, curing, berserk rage, haste and enlightenment [b] - 160 gold - heal wounds and curing [c] - 550 gold - resistance, enlightenment and haste Purchase which effect?
You don't have enough gold for that! [a] - 840 gold - heal wounds, curing, berserk rage, haste and enlightenment [b] - 160 gold - heal wounds and curing [c] - 550 gold - resistance, enlightenment and haste Purchase which effect?
You feel much better.
You feel better.
You block the white very ugly thing's attack.
You block the alligator simulacrum's attack.
The alligator simulacrum bites you but does no damage.
The freezing wraith hits you but does no damage.
You block the freezing wraith's attack. x2
The freezing wraith closely misses you. The freezing wraith hits you.
* * * LOW HITPOINT WARNING * * *
The freezing wraith freezes you. You resist.
* * * LOW HITPOINT WARNING * * *
The freezing wraith hits you but does no damage.
The white very ugly thing claws you!
* * * LOW HITPOINT WARNING * * *
The white very ugly thing freezes you! You resist.
* * * LOW HITPOINT WARNING * * *
The alligator simulacrum tail-slaps you but does no damage.
The alligator simulacrum bites you but does no damage.
The freezing wraith closely misses you.
The freezing wraith hits you but does no damage.
Blink to where?
Press: ? - help, Dir - move target
As you read the scroll of blinking, it crumbles to dust.
The orange crystal statue fixes its piercing gaze on you.
You feel your power leaking away.
You block the harpy simulacrum's attack.
The harpy simulacrum claws you!
You die...
Your body crumbles into a pile of gold.

#### ##### #@.##
###...####
#Z.ß####........##
#...ß##..........#
#....ß#...........
#$W...#.[..ß......
#)?...#ß..........
#IuWZ©#©©[.......∩
#Z§W..#ß.(........
#$....#....ß......


You could see a white very ugly thing, an orange crystal statue, 3 freezing
wraiths, 2 alligator simulacra and a harpy simulacrum (summoned).

Vanquished Creatures
  Jorgrun (D:14)
  A nagaraja (Snake:2)
  A stone giant (D:15)
  A very ugly thing (IceCv)
  A minotaur (Gauntlet)
  A great orb of eyes (D:15)
  14 hydras
  3 vault guards (D:13)
  Fannar (D:11)
  4 catoblepae
  2 anacondas (Snake:2)
  5 centaur warriors
  A tengu warrior (D:14)
  3 two-headed ogres
  3 boulder beetles
  5 death yaks
  3 naga warriors
  2 thrashing horrors (Gauntlet)
  A shock serpent (Snake:1)
  6 orc high priests
  Amaemon (D:11)
  5 naga sharpshooters (Snake:1)
  2 skysharks
  A fire crab (Lair:4)
  7 skeletal warriors
  A deep elf archer (D:13)
  A naga ritualist (Snake:2)
  5 mana vipers
  A necromancer (Gauntlet)
  4 deep elf pyromancers
  3 lindwurms
  11 orc knights
  3 orc sorcerers
  10 ugly things (D:14)
  3 salamanders
  An obsidian bat (Orc:2)
  A cyclops (D:13)
  9 elephants
  Maurice (D:8)
  2 guardian serpents
  13 black mambas
  3 naga magi
  5 kobold blastminers
  An orange demon (D:11)
  5 torpor snails
  3 gargoyles
  12 cane toads
  5 rime drakes
  A kobold demonologist (D:12)
  2 yaktaurs (D:13)
  8 komodo dragons
  3 freezing wraiths
  2 anaconda simulacra (IceCv)
  A tengu conjurer (D:13)
  2 golden dragon simulacra (IceCv)
  8 trolls
  A queen bee (shapeshifter) (D:15)
  6 hornets
  9 polar bears
  Prince Ribbit (D:7)
  An alligator simulacrum (IceCv)
  3 dream sheep
  14 blink frogs
  9 slime creatures (D:12)
  15 spriggans
  3 dire elephant simulacra (IceCv)
  2 wyverns
  A spriggan (shapeshifter) (D:13)
  5 basilisks
  2 wraiths (D:11)
  85 yaks
  A hog (shapeshifter) (D:15)
  4 wargs (Orc:1)
  A steam dragon (D:6)
  A human (D:13)
  A warg (shapeshifter) (D:15)
  12 nagas
  3 vampire mosquitoes (D:12)
  Edmund (D:4)
  15 water moccasins
  Pargi (Sewer)
  2 ice beasts (D:7)
  46 orc warriors
  4 black bears
  2 laughing skulls (D:14)
  4 small abominations (Gauntlet)
  6 ogres
  37 wolves
  4 boggarts
  16 centaurs
  A phantom (D:6)
  4 kobold brigands
  11 bullfrogs
  A brain worm (Sewer)
  6 scorpions
  2 gnoll sergeants
  9 wights (D:8)
  12 killer bees (D:9)
  4 howler monkeys
  2 electric eels
  A bombardier beetle (D:5)
  6 jellies
  4 gnoll boudas (D:8)
  2 hounds (D:6)
  40 orc priests
  3 iguanas
  16 orc wizards
  5 hell rats (Lair:5)
  10 adders
  22 gnolls
  A shadow imp (D:6)
  2 white imps (D:6)
  2 ufetubi (D:7)
  2 dart slugs
  A ribbon worm (D:3)
  83 orcs
  12 endoplasms
  6 giant cockroaches
  3 goblins
  7 hobgoblins
  4 jackals
  23 kobolds
  7 quokkas
  5 ball pythons
  4 bats
  6 frilled lizards
  4 rats
856 creatures vanquished.

Vanquished Creatures (others)
  A vault guard (D:13)
  An anaconda (Snake:2)
  An orc high priest (Orc:2)
  A black mamba (Snake:1)
  A blink frog (Lair:1)
  An orc (D:11)
6 creatures vanquished.

Grand Total: 862 creatures vanquished

Notes
Turn   | Place    | Note
-------+----------+-------------------------------------------
     0 | D:1      | Finalfun the Mountain Dwarf Fighter began the quest for the
                  | Orb.
     0 | D:1      | Reached XP level 1. HP: 19/19 MP: 1/1
   182 | D:1      | Reached XP level 2. HP: 24/26 MP: 2/2
   563 | D:1      | Reached XP level 3. HP: 27/33 MP: 3/3
  1345 | D:2      | Reached XP level 4. HP: 33/40 MP: 4/4
  1419 | D:2      | Found a faded altar of an unknown god.
  1774 | D:3      | Found a glowing drain.
  1794 | Sewer    | Entered a sewer
  1858 | Sewer    | Noticed Pargi
  1879 | Sewer    | Killed Pargi
  1880 | Sewer    | Reached skill level 5 in Axes
  1880 | Sewer    | Reached XP level 5. HP: 16/46 MP: 5/5
  2024 | Sewer    | Reached XP level 6. HP: 47/52 MP: 4/6
  2971 | D:4      | Identified the ring of Syromeog {rC+ rCorr AC+4 Str-4
                  | Slay+2}
  3275 | D:5      | Entered Level 5 of the Dungeon
  3502 | D:5      | Noticed Edmund
  3533 | D:5      | Reached XP level 7. HP: 44/59 MP: 7/7
  3555 | D:4      | Killed Edmund
  4236 | D:6      | Reached skill level 10 in Axes
  4327 | D:6      | Reached XP level 8. HP: 40/66 MP: 8/8
  4634 | D:6      | Found a staircase to the Ecumenical Temple.
  4686 | Temple   | Entered the Ecumenical Temple
  4696 | Temple   | Became a worshipper of Gozag Ym Sagoz the Greedy
  5159 | D:7      | Noticed Prince Ribbit
  5174 | D:7      | Killed Prince Ribbit
  5175 | D:7      | Reached XP level 9. HP: 61/71 MP: 9/9
  5249 | D:7      | Reached skill level 15 in Axes
  5400 | D:7      | Reached skill level 1 in Evocations
  5691 | D:8      | Noticed a komodo dragon
  5691 | D:8      | Noticed a two-headed ogre
  5733 | D:8      | Noticed an elephant
  5760 | D:7      | Killed an elephant
  5870 | D:8      | Reached skill level 5 in Evocations
  5914 | D:8      | Noticed a komodo dragon
  5947 | D:8      | Killed a komodo dragon
  5948 | D:8      | Reached XP level 10. HP: 43/78 MP: 10/10
  6134 | D:8      | Found a staircase to the Lair.
  6154 | D:8      | Killed a two-headed ogre
  6155 | D:8      | Reached skill level 10 in Evocations
  6841 | D:8      | Noticed Maurice
  6855 | D:8      | Maurice stole a ring of flight
  6856 | D:8      | Maurice stole 2 throwing nets
  6860 | D:8      | Maurice stole 291 gold
  6868 | D:8      | Killed Maurice
  7395 | Lair:1   | Entered Level 1 of the Lair of Beasts
  7397 | Lair:1   | Noticed a torpor snail
  7397 | Lair:1   | Noticed a black mamba
  7411 | D:8      | Killed a black mamba
  7478 | D:8      | Killed a torpor snail
  7479 | D:8      | Reached XP level 11. HP: 51/84 MP: 11/11
  7561 | Lair:1   | Noticed a catoblepas
  7612 | Lair:1   | Killed a catoblepas
  7723 | D:8      | Reached skill level 15 in Evocations
  7727 | D:8      | HP: 3/84 [cane toad (15)]
  9238 | Lair:2   | Found a gate leading to a gauntlet.
  9242 | Lair:2   | Found a snail-covered altar of Cheibriados.
  9247 | Gauntlet | Entered a Gauntlet
  9247 | Gauntlet | Found a transporter.
  9256 | Gauntlet | Noticed a necromancer
  9257 | Gauntlet | Found a transporter.
  9272 | Gauntlet | Found a transporter.
  9277 | Gauntlet | Found a transporter.
  9290 | Gauntlet | Noticed a wolf spider
  9298 | Gauntlet | Found a transporter.
  9311 | Gauntlet | Found a transporter.
  9311 | Gauntlet | Noticed an obsidian statue
  9323 | Gauntlet | Found a transporter.
  9325 | Gauntlet | Noticed a hell beast
  9335 | Gauntlet | Found a transporter.
  9335 | Gauntlet | Noticed an obsidian statue
  9343 | Gauntlet | Noticed a thrashing horror
  9347 | Gauntlet | Found a transporter.
  9348 | Gauntlet | Noticed a thrashing horror
  9353 | Gauntlet | Found a transporter.
  9368 | Gauntlet | Found a transporter.
  9385 | Gauntlet | Found a transporter.
  9403 | Gauntlet | Found a transporter.
  9407 | Gauntlet | Found a transporter.
  9433 | Gauntlet | Found a transporter.
  9435 | Gauntlet | Found a transporter.
  9455 | Gauntlet | Found a transporter.
  9533 | Gauntlet | Found a transporter.
  9667 | Gauntlet | Killed a necromancer
  9668 | Gauntlet | Reached XP level 12. HP: 77/91 MP: 12/12
  9681 | Gauntlet | Identified the ring "Ogatza" {rF+ Str+6 Slay+3}
 10284 | Gauntlet | Identified the +2 pair of gloves "Soimash" {Int+3}
 10309 | Gauntlet | Identified the +8 quarterstaff of Xolethy {heavy, rElec
                  | rPois rC- Str+8}
 10309 | Gauntlet | Noticed a minotaur
 10330 | Gauntlet | Killed a minotaur
 11478 | Lair:2   | Noticed a seven-headed hydra
 11482 | Lair:2   | Killed a seven-headed hydra
 11483 | Lair:2   | Reached skill level 1 in Dodging
 11741 | Lair:2   | Reached skill level 5 in Armour
 11763 | Lair:2   | Noticed a seven-headed hydra
 11768 | Lair:2   | Killed a seven-headed hydra
 11769 | Lair:2   | Reached skill level 5 in Fighting
 11769 | Lair:2   | Reached skill level 5 in Shields
 11771 | Lair:2   | Found a staircase to the Swamp.
 12171 | Lair:3   | Reached XP level 13. HP: 70/100 MP: 13/13
 12272 | Lair:3   | Identified the +2 arbalest "Gusasi" {flame, Int+5}
 12829 | Lair:3   | Found a staircase to the Snake Pit.
 13026 | Lair:3   | Paralysed by a hornet for 3 turns
 14240 | Lair:4   | Found a staircase to the Slime Pits.
 15270 | Lair:4   | Found the +4 robe of Folly {Brill Will-∞ Int+8}
 15387 | Lair:4   | Identified the +7 orcbow of the Sun {flame, rElec}
 15684 | Lair:5   | Entered Level 5 of the Lair of Beasts
 15693 | Lair:4   | Paralysed by a hornet for 2 turns
 16537 | Lair:5   | Reached XP level 14. HP: 116/116 MP: 14/14
 17751 | Lair:5   | Found a runed translucent door.
 18250 | Lair:5   | Reached skill level 10 in Armour
 18280 | Lair:5   | Reached skill level 10 in Fighting
 18280 | Lair:5   | Reached skill level 10 in Shields
 18282 | Lair:5   | Reached skill level 1 in Spellcasting
 18483 | Lair:5   | Identified the +8 spear "Iminlixe" {speed, rPois rC- rN++
                  | Int+3}
 18484 | Lair:5   | Noticed mertasd123's ghost (journeyman FoFi)
 18757 | D:9      | Found Irighith's Jewellery Emporium.
 19084 | D:9      | Found a broken altar of Ashenzari.
 19086 | D:9      | Found a shadowy altar of Dithmenos.
 19089 | D:9      | Found a white marble altar of Elyvilon.
 19091 | D:9      | Found a hazy altar of Hepliaklqana.
 19091 | D:9      | Found a stormy altar of Qazlal.
 19383 | D:10     | Entered Level 10 of the Dungeon
 19451 | D:10     | Paralysed by a hornet for 1 turns
 19768 | D:10     | Identified a scroll of acquirement
 19769 | D:10     | Acquired a manual of Fire Magic
 19780 | D:10     | Learned a level 8 spell: Ignition
 20194 | D:11     | Noticed Fannar
 20339 | D:11     | Killed Fannar
 20863 | D:11     | Noticed Amaemon
 20879 | D:11     | Killed Amaemon
 20880 | D:11     | Reached skill level 5 in Spellcasting
 21127 | D:11     | Found a roughly hewn altar of Beogh.
 21432 | D:11     | Found a staircase to the Orcish Mines.
 21781 | D:12     | Found a shimmering altar of Xom.
 21782 | D:12     | Found a shimmering altar of Xom.
 21784 | D:12     | Found a shimmering altar of Xom.
 21792 | D:12     | Found a shimmering altar of Xom.
 21792 | D:12     | Found a shimmering altar of Xom.
 22328 | D:12     | Reached XP level 15. HP: 125/126 MP: 23/25
 22401 | D:12     | Found Ugasisk's General Store.
 22404 | D:12     | Bought a wand of iceblast (6) for 259 gold pieces
 22404 | D:12     | Bought a potion of enlightenment for 90 gold pieces
 22404 | D:12     | Bought a potion of curing for 54 gold pieces
 22404 | D:12     | Bought a scroll of blinking for 135 gold pieces
 22404 | D:12     | Bought a scroll of identify for 36 gold pieces
 22865 | D:13     | Found Ita Haxuk's Armour Shop.
 23729 | D:13     | Found a gate to the Vaults.
 23747 | D:13     | Reached skill level 1 in Fire Magic
 24421 | D:14     | Reached skill level 5 in Fire Magic
 25053 | D:14     | Reached skill level 10 in Fire Magic
 25599 | D:14     | Found a shadowy altar of Dithmenos.
 25889 | D:15     | Entered Level 15 of the Dungeon
 25904 | D:15     | Noticed Jorgrun
 26048 | D:14     | Killed Jorgrun
 26536 | D:15     | Found a staircase to the Depths.
 26829 | D:15     | Found a sacrificial altar of Ru.
 27261 | D:15     | Found Laguc's Magic Scroll Boutique.
 27278 | D:15     | Bought a scroll of enchant weapon for 120 gold pieces
 27278 | D:15     | Bought a scroll of identify for 32 gold pieces
 27278 | D:15     | Bought a scroll of identify for 32 gold pieces
 27278 | D:15     | Bought a scroll of teleportation for 48 gold pieces
 27278 | D:15     | Bought a scroll of butterflies for 64 gold pieces
 27278 | D:15     | Bought a scroll of silence for 152 gold pieces
 27447 | Orc:1    | Entered Level 1 of the Orcish Mines
 27459 | Orc:1    | Reached skill level 15 in Fire Magic
 27738 | Orc:1    | Found Hoarusor's Antique Armour Boutique.
 28107 | Orc:1    | Found a roughly hewn altar of Beogh.
 28272 | Orc:2    | Entered Level 2 of the Orcish Mines
 28525 | Orc:2    | Found a staircase to the Elven Halls.
 28815 | Orc:2    | Reached XP level 16. HP: 112/134 MP: 28/28
 29273 | Orc:2    | Found Geichau's Antique Armour Shoppe.
 29276 | Orc:2    | Found Ketz's Assorted Antiques.
 29277 | Orc:2    | Found Sucox's General Store.
 29278 | Orc:2    | Found Beikie's Armour Emporium.
 29281 | Orc:2    | Bought a scroll of identify for 28 gold pieces
 29950 | Orc:1    | Bought the +0 pair of boots "Posaffea" {rPois rCorr Str+4
                  | Dex+4} for 495 gold pieces
 29962 | Orc:1    | Bought the +10 tower shield of Ignorance {rN+ Int-4} for
                  | 1031 gold pieces
 29962 | Orc:1    | Found the +10 tower shield of Ignorance {rN+ Int-4}
 29977 | Orc:1    | Bought a potion of enlightenment for 70 gold pieces
 29977 | Orc:1    | Bought a potion of haste for 140 gold pieces
 29977 | Orc:1    | Bought a potion of resistance for 140 gold pieces
 29977 | Orc:1    | Bought a potion of magic for 112 gold pieces
 29977 | Orc:1    | Bought a potion of curing for 42 gold pieces
 29977 | Orc:1    | Bought a potion of might for 56 gold pieces
 30218 | Snake:1  | Entered Level 1 of the Snake Pit
 30318 | Snake:1  | Found a large runed translucent door.
 30319 | Snake:1  | Found a large runed translucent door.
 30322 | Snake:1  | Noticed icebreaker629's ghost (journeyman MiBe)
 30672 | Orc:1    | Bought the quicksilver dragon scales "Hafeibaa" {Will+
                  | Dex+2} for 1281 gold pieces
 31776 | Snake:1  | Found Feigh's Book Shoppe.
 32561 | Snake:2  | Found a glacial archway.
 32582 | IceCv    | Entered an ice cave
 32828 | IceCv    | Found a transporter.
 32837 | IceCv    | Found a transporter.
 32856 | IceCv    | HP: 4/134 [white very ugly thing (17)]
 32858 | IceCv    | Slain by a harpy simulacrum

Illustrated notes

Levels and vault maps discovered:
D:1:      nagdon_arrival_double_spiral, layout_basic
D:2:      layout_basic, hellmonk_ecumenical_altar_inner_sanctum
D:3:      layout_basic, portal_sewer_entry_f, minmay_pentangle
D:4:      layout_basic, nicolae_tricolors
D:5:      layout_loops_cross, nicolae_titane, uniq_edmund
D:6:      layout_basic, minmay_temple_entry_offerings, minmay_joined_circles
D:7:      layout_basic, uniq_prince_ribbit1
D:8:      kennysheep_seaside_town, layout_loops_cross,
          grunt_lair_entry_orc_guard_hut, uniq_maurice
D:9:      layout_stronghold, grunt_temple_overflow_open, serial_shops, shop
D:10:     layout_rooms
D:11:     layout_loops_ring, erik_orc_2, special_room [special_room_orc],
          uniq_amaemon, uniq_fannar
D:12:     layout_basic, serial_shops, nicolae_shop_real_fake_doors,
          xom_shifter_show
D:13:     layout_gridville, grunt_vaults_entry_fortified, serial_shops,
          nicolae_shop_mannequins
D:14:     layout_irregular_city, serial_bayou_pond_e, grunt_dithmenos_smoke
D:15:     grunt_enter_depths_giant_problem, layout_long_grid, serial_shops,
          nicolae_shop_tiny_waterfront, nicolae_ru_awakened_eye, uniq_jorgrun
Temple:   nicolae_temple_bog_church
Lair:1:   layout_cave_pods, serial_rivers, chequers_serial_rivers_micro_a,
          chequers_serial_rivers_micro_d, chequers_serial_rivers_micro_c,
          chequers_serial_rivers_small_b, chequers_serial_rivers_room_a,
          st_stairs_8, grunt_megastairs_5, serial_bayou_shore_a
Lair:2:   layout_regular_city, swamp_mist, gauntlet_entry_generic, basic_altar,
          grunt_megastairs_1
Lair:3:   nzn_winding_woodlands_medium [nzn_winding_woodlands_5x5_three,
          nzn_winding_woodlands_5x15_cabin, nzn_winding_woodlands_hourglass,
          nzn_winding_woodlands_5x5_open_star,
          nzn_winding_woodlands_center_triple_pond,
          nzn_winding_woodlands_5x5_closed_star,
          nzn_winding_woodlands_5x5_cross, nzn_winding_woodlands_5x15_pockets,
          nzn_winding_woodlands_5x5_perimeter], layout_chaotic_city,
          minmay_snake_entry_spellcaster
Lair:4:   layout_cave_pods, slime_entry_2, lookout_lair_type,
          lemuel_fruit_fields
Lair:5:   minmay_lair_end_enchanted_forest, layout_long_grid,
          ebering_ghost_funeral_grove, serial_bayou_pond_d, serial_bayou_shore_b
Snake:1:  layout_onion_interference, serial_shops, nicolae_shop_hallway_plus,
          ebering_ghost_disaster_area, st_stairs_7, grunt_megastairs_3
Snake:2:  layout_chambers, portal_ice_cave_entry_frozen_things,
          serial_library_hellmonk_hallway_a, nicolae_triple_integral,
          serial_bayou_shore_b
Orc:1:    layout_caves, basic_altar, serial_shops, nicolae_shop_crystal
Orc:2:    st_orc_pillars, layout_caves
IceCv:    ice_cave_statue_garden_transporter

Skill      XL: |  1  2  3  4  5  6  7  8  9 10 11 12 13 14 15 16 |
---------------+-------------------------------------------------+-----
Axes           | 3 5 6 8 10 13 15 16 18 | 18.0
Shields        | 4 5 8 10 | 10.0
Fighting       | 4 5 8 10 | 10.0
Armour         | 4 5 8 10 | 10.0
Evocations     | 6 14 17 18 | 18.0
Dodging        | 2 4 |  4.0
Spellcasting   | 6 8 9 |  9.4
Fire Magic     | 16 18 | 18.2

Action                     |  1- 3 |  4- 6 |  7- 9 | 10-12 | 13-15 | 16-18 || total
---------------------------+-------+-------+-------+-------+-------+-------++-------
  Melee: War axe           |   101 |   220 |   354 |   566 |       |       ||  1241
         Broad axe         |       |       |       |   229 |  1599 |   273 ||  2101
  Throw: Throwing net      |       |       |       |     1 |       |       ||     1
 Invoke: Potion Petition   |       |       |       |     4 |       |     1 ||     5
         Call Merchant     |       |       |       |       |       |     3 ||     3
  Evoke: Wand              |       |       |     1 |    10 |    67 |       ||    78
         Phial of floods   |       |       |       |     1 |     5 |       ||     6
    Use: Potion            |     1 |     2 |     5 |     5 |     6 |     2 ||    21
         Scroll            |       |       |     3 |     6 |    23 |     4 ||    36
   Stab: Sleeping          |       |     1 |       |       |       |       ||     1
         Distracted        |       |       |       |     2 |     9 |     1 ||    12
         Petrified         |       |       |       |       |     8 |       ||     8
         Paralysed         |       |       |       |       |     1 |       ||     1
 Armour: Scale mail        |    88 |    95 |       |       |       |       ||   183
         Troll leather arm |       |   120 |   168 |   296 |       |       ||   584
         Plate armour      |       |       |       |   201 |  1427 |    50 ||  1678
         Skin              |       |       |       |    32 |       |       ||    32
         Quicksilver drago |       |       |       |       |       |   119 ||   119
  Dodge: Dodged            |    57 |   136 |   193 |   357 |   389 |    54 ||  1186
  Block: Buckler           |    26 |    60 |    47 |   138 |   100 |       ||   371
         Kite shield       |       |       |       |       |   501 |    39 ||   540
         Tower shield      |       |       |       |       |       |   314 ||   314

Table legend: (Time is in decaauts)
 A = Elapsed time spent in this place.
 B = Non-inter-level travel time spent in this place.
 C = Inter-level travel time spent in this place.
 D = Time resting spent in this place.
 E = Time spent auto-exploring this place.
 F = Levels seen in this place.
 G = Mean time per level.
                   A        B        C        D        E       F      G
               +--------+--------+--------+--------+--------+-----+--------+
         Total |  32409 |  30262 |   2147 |   5737 |  18650 |  28 | 1157.5 |
       Dungeon |  16490 |  15292 |   1198 |   2506 |   9761 |  15 | 1099.3 |
        Temple |     31 |     13 |     18 |     11 |      0 |   1 |   31.0 |
          Lair |   9819 |   9240 |    579 |   2055 |   5548 |   5 | 1963.8 |
     Snake Pit |   1921 |   1801 |    120 |      7 |   1475 |   2 |  960.5 |
  Orcish Mines |   2455 |   2224 |    231 |    599 |   1199 |   2 | 1227.5 |
         Sewer |    279 |    279 |      0 |      0 |    196 |   1 |  279.0 |
      Ice Cave |    274 |    274 |      0 |    211 |     16 |   1 |  274.0 |
      Gauntlet |   1136 |   1136 |      0 |    348 |    454 |   1 | 1136.0 |
               +--------+--------+--------+--------+--------+-----+--------+

Top non-repeatable levels by time:
  Lair:5: 2378 daAuts
  Lair:3: 2241 daAuts
     D:8: 1959 daAuts
  Lair:4: 1896 daAuts
    D:11: 1861 daAuts
    D:13: 1788 daAuts
  Lair:2: 1748 daAuts
   Orc:2: 1644 daAuts
    D:14: 1616 daAuts
  Lair:1: 1555 daAuts
 Snake:1: 1336 daAuts
    D:15: 1319 daAuts
Gauntlet: 1136 daAuts
    D:12: 1010 daAuts
     D:3: 1009 daAuts
